 Dungeon Crawl Stone Soup version 0.23.2-33-g5129a83 (webtiles) character file.

Game seed: 1420917066077058508

2089 Aphrodieselac the Infuser (level 9, -10/61 HPs)
             Began as a Merfolk Skald on Aug 8, 2019.
             Was an Initiate of Okawaru.
             Mangled by a hornet (16 damage)
             ... on level 7 of the Dungeon.
             The game lasted 00:40:25 (8391 turns).

Aphrodieselac the Infuser (Merfolk Skald)           Turns: 8391, Time: 00:40:26

Health: -10/61     AC:  7    Str: 12    XL:     9   Next: 27%
Magic:  7/12       EV: 12    Int: 13    God:    Okawaru [......]
Gold:   297        SH:  0    Dex: 15    Spells: 4/12 levels left

rFire    . . .     SeeInvis .   v - +0 trident
rCold    . . .     Gourm    .   (no shield)
rNeg     . . .     Faith    .   b - +0 leather armour
rPois    .         Spirit   .   H - +0 helmet
rElec    .         Reflect  .   F - +0 cloak
rCorr    .         Harm     .   (no gloves)
MR       .....                  k - +1 pair of boots
Stlth    +.........             (no amulet)
HPRegen  0.20/turn              (no ring)
MPRegen  0.13/turn              (no ring)

@: lethally poisoned (-10 -> -13), about to teleport, infused, slowed, very slow
A: change form in water, swift swim, stealthy swim
a: Renounce Religion


You were on level 7 of the Dungeon.
You worshipped Okawaru.
Okawaru was noncommittal.
You were hungry.

You visited 1 branch of the dungeon, and saw 8 of its levels.

You collected 297 gold pieces.

Inventory:

Hand Weapons
 a - a +0 spear
 v - a +0 trident (weapon)
 x - a cursed -3 blowgun
Missiles
 l - 37 poisoned needles
 t - 15 tomahawks (quivered)
 u - 21 sling bullets
Armour
 b - a +0 leather armour (worn)
 k - a +1 pair of boots (worn)
 F - a +0 cloak (worn)
 G - the +0 ring mail of the Commoners {rF++ Dex-4}
   (You found it on level 5 of the Dungeon)

   It affects your dexterity (-4).
   It greatly protects you from fire.
 H - a +0 helmet (worn)
Wands
 y - a wand of clouds (7)
 C - a wand of digging (2)
Scrolls
 c - a scroll of fog {unknown}
 e - a scroll of teleportation
 f - a scroll of noise
 g - 2 scrolls of amnesia {unknown}
 h - 3 scrolls of enchant weapon {unknown}
 m - 4 scrolls of identify
 n - 3 scrolls of remove curse
 o - 2 scrolls of random uselessness {unknown}
 p - 3 scrolls of enchant armour {unknown}
 q - 3 scrolls of immolation {unknown}
 s - a scroll of magic mapping {unknown}
 D - 2 scrolls of blinking {unknown}
 K - a scroll of fear {unknown}
 L - a scroll of brand weapon {unknown}
Potions
 i - 2 potions of agility {unknown}
 j - a potion of berserk rage
 r - 2 potions of curing {unknown}
 w - a potion of lignification {unknown}
 z - a potion of resistance
 A - 2 potions of cancellation {unknown}
 B - a potion of heal wounds {unknown}
 E - 2 potions of degeneration {unknown}
 J - a potion of mutation {unknown}
Comestibles
 d - 9 rations


   Skills:
 - Level 2.1 Fighting
 + Level 10.2 Polearms
 - Level 0.6 Armour
 - Level 2.6 Dodging
 - Level 2.0 Spellcasting
 - Level 11.0 Charms


You had 4 spell levels left.
You knew the following spells:

 Your Spells              Type           Power        Failure   Level  Hunger
a - Infusion              Chrm           ####         1%          1    ##.....
b - Song of Slaying       Chrm           ####....     1%          2    ###....
c - Shroud of Golubria    Chrm/Tloc      ###.......   4%          2    ###....
d - Spectral Weapon       Hex/Chrm       ###.....     10%         3    ####...

Your spell library contained the following spells:

 Spells                   Type           Power        Failure   Level  Hunger
 Ozocubu's Armour         Chrm/Ice       ###.....     10%         3    ####...
 Regeneration             Chrm/Necr      ###.......   10%         3    ####...
 Animate Skeleton         Necr           N/A          32%         1    ##.....
 Apportation              Tloc           #.....       32%         1    ##.....
 Confusing Touch          Hex            #.....       32%         1    ##.....
 Freeze                   Ice            #...         32%         1    ##.....
 Summon Small Mammal      Summ           #...         32%         1    ##.....
 Throw Frost              Conj/Ice       #.....       43%         2    ###....
 Summon Ice Beast         Ice/Summ       #.......     97%         4    #####..
 Throw Icicle             Conj/Ice       #.......     97%         4    #####..


Dungeon Overview and Level Annotations

Branches:
Dungeon (8/15)             Temple (0/1) D:7
   Lair: D:8-11

Altars:
Elyvilon
Okawaru
Sif Muna
Zin
The Shining One


Message History

The hornet stings you.
You feel yourself slow down.
You hit the hornet.
The hornet is heavily wounded.
The hornet barely misses you. The hornet stings you!
You are poisoned.
You feel as though you will be slow longer.
Your shroud falls apart!
You puncture the hornet!
The hornet is almost dead.
You feel sick. The hornet stings you!
* * * LOW HITPOINT WARNING * * *
You feel as though you will be slow longer.
The orc priest invokes the aid of Beogh against you.
Beogh smites you!
* * * LOW HITPOINT WARNING * * *
The hornet completely misses you.
You hear a shout!
As you read the scroll of teleportation, it crumbles to dust.
You feel strangely unstable.
You feel sick. The hornet stings you!
You die...

#.# #.# #####.# #####
...#.# #...#
.###.#.#.####### #...###
..o.....o....... +......
.###.#.#o####### #...##.
o..#.#.#y# #...##.
#.#.#y#@# ##### #...##.
#.#.....#.###...####...##.
....................####.
.##y##.#..##.#.##....# #.
.......#.....#.##(...# #.
.##.#....##..........# #.
....#.##....##.#.....# #.
#......##....#.....# #.
....##.>....#..##....####.


You could see a hornet, an orc priest and an orc.

Vanquished Creatures
  2 hungry ghosts
  2 water moccasins
  A sky beast (D:7)
  A black bear (D:6)
  An ogre (D:4)
  A phantom (D:5)
  A centaur (D:5)
  Blork the orc (D:4)
  4 bullfrogs
  3 howler monkeys (D:4)
  A crimson imp (D:6)
  A jelly (D:7)
  A hound (D:3)
  2 orc priests
  3 centaur skeletons
  4 orc wizards
  Ijyb (D:3)
  An iguana (D:6)
  2 worker ants
  A hound zombie (D:5)
  A hound skeleton (D:4)
  A worker ant zombie (D:5)
  13 adders
  4 gnolls
  A shadow imp (D:7)
  2 oozes
  An adder zombie (D:5)
  An adder skeleton (D:5)
  A worm (D:3)
  A dart slug (D:3)
  6 leopard geckos
  12 orcs
  A ball python (D:6)
  8 bats
  7 giant cockroaches
  4 goblins
  5 hobgoblins
  9 jackals
  3 quokkas
  2 frilled lizards (D:3)
  12 kobolds
  4 rats
133 creatures vanquished.

Notes
Turn   | Place    | Note
-------+----------+-------------------------------------------
     0 | D:1      | Aphrodieselac the Merfolk Skald began the quest for the
                  | Orb.
     0 | D:1      | Reached XP level 1. HP: 16/16 MP: 3/3
   391 | D:1      | Reached XP level 2. HP: 15/22 MP: 0/5
   522 | D:1      | Reached skill level 4 in Charms
   833 | D:1      | Reached XP level 3. HP: 18/27 MP: 0/6
  1460 | D:1      | Learned a level 2 spell: Song of Slaying
  1463 | D:1      | Learned a level 2 spell: Shroud of Golubria
  1751 | D:2      | Reached XP level 4. HP: 28/33 MP: 0/7
  1981 | D:2      | Found a glowing silver altar of Zin.
  2144 | D:2      | Reached skill level 5 in Charms
  2322 | D:2      | Found a glowing golden altar of the Shining One.
  2584 | D:3      | Found a white marble altar of Elyvilon.
  2703 | D:3      | Reached XP level 5. HP: 16/38 MP: 0/8
  3129 | D:3      | Reached skill level 5 in Polearms
  3331 | D:3      | Reached skill level 6 in Charms
  3341 | D:3      | Learned a level 3 spell: Spectral Weapon
  3376 | D:3      | Reached XP level 6. HP: 13/44 MP: 1/9
  3854 | D:3      | Noticed Ijyb
  3886 | D:3      | Killed Ijyb
  4307 | D:4      | Reached skill level 7 in Charms
  4356 | D:4      | Reached XP level 7. HP: 48/50 MP: 7/10
  5348 | D:5      | Entered Level 5 of the Dungeon
  5348 | D:5      | Noticed Blork the orc
  5367 | D:4      | Killed Blork the orc
  5367 | D:4      | Reached skill level 8 in Charms
  5559 | D:5      | Reached XP level 8. HP: 52/56 MP: 2/11
  5577 | D:5      | Found a deep blue altar of Sif Muna.
  5886 | D:5      | Reached skill level 9 in Charms
  6078 | D:5      | Got a scorched ring mail
  6143 | D:6      | Identified the cursed +0 ring mail of the Commoners {rF++
                  | Dex-4} (You found it on level 5 of the Dungeon)
  6776 | D:6      | Reached skill level 10 in Charms
  6957 | D:6      | Found an iron altar of Okawaru.
  6961 | D:6      | Became a worshipper of Warmaster Okawaru
  7202 | D:6      | Reached XP level 9. HP: 50/61 MP: 0/12
  7720 | D:7      | Noticed a hornet
  7734 | D:7      | Paralysed by a hornet for 2 turns
  7746 | D:7      | Reached skill level 10 in Polearms
  7905 | D:7      | Reached * piety under Okawaru
  7905 | D:7      | Reached skill level 11 in Charms
  8360 | D:7      | Found a staircase to the Ecumenical Temple.
  8383 | D:7      | Paralysed by a hornet for 1 turns
  8391 | D:7      | Mangled by a hornet

Skill      XL: |  1  2  3  4  5  6  7  8  9 |
---------------+----------------------------+-----
Charms         | 4 5 6 7 8 10 11 | 11.0
Polearms       | 4 5 6 7 9 10 | 10.2
Fighting       | |  2.1
Armour         | |  0.6
Dodging        | |  2.6
Spellcasting   | |  2.0

Action                   |  1- 3 |  4- 6 |  7- 9 || total
-------------------------+-------+-------+-------++-------
Melee: Spear             |   118 |   151 |       ||   269
       Trident           |       |    86 |   343 ||   429
Throw: Tomahawk          |       |     1 |     6 ||     7
 Cast: Infusion          |     9 |    15 |    22 ||    46
       Shroud of Golubri |     2 |     9 |    17 ||    28
       Song of Slaying   |       |     3 |     2 ||     5
  Use: Scroll            |       |       |     6 ||     6
 Stab: Sleeping          |     2 |     3 |     1 ||     6
  Eat: Chunk             |     3 |    10 |    10 ||    23
       Ration            |       |       |     2 ||     2
Armor: Leather armour    |    21 |    48 |    69 ||   138
Dodge: Dodged            |    58 |   109 |   179 ||   346
